 Seeded DCSS version 0.27-a0-287-gd4424db (webtiles) character file.

Game seed: 8970044951668027714 (custom seed)

229814 skewfiend the Fencer (level 19, -2/125 HPs)
             Began as a Tengu Fighter on Feb 8, 2021.
             Was a High Priest of Trog.
             Killed from afar by a deep elf zephyrmancer (31 damage)
             ... with a bolt of lightning
             ... on level 1 of the Elven Halls.
             The game lasted 02:31:05 (49009 turns).

skewfiend the Fencer (Tengu Fighter)               Turns: 49009, Time: 02:31:06

Health: -2/125     AC: 20    Str: 24    XL:     19   Next: 46%
Magic:  20/20      EV: 19    Int: 16    God:    Trog [*****.]
Gold:   1379       SH: 20    Dex: 16    Spells: 18/18 levels left

rFire    + + .     SeeInvis .   b - +9 demon blade "Haorelos" {flame, +Blink rC+ Stlth+}
rCold    + + .     Faith    .   C - +0 tower shield (curse)
rNeg     . . .     Spirit   .   c - +0 plate armour (curse)
rPois    .         Reflect  .   K - +0 hat {Will+}
rElec    .         Harm     .   y - scarf {rC+ rF+}
rCorr    .         Rampage  .   P - +2 pair of gloves
Will     ++++.                  (boots unavailable)
Stlth    ..........             R - amulet of magic regeneration
HPRegen  1.30/turn              D - ring "Ukhlai" {EV+4 Int+7}
MPRegen  0.42/turn              f - ring of Qeijul {rF+ Str+4 Slay+3}

@: berserk cooldown, flying quickly and evasively, regenerating, slowed, very
slow
A: beak, talons 3, clumsy 1, able to fly
}: 1/15 runes: serpentine
a: Stop Flying, Renounce Religion, Evoke Blink, Berserk, Trog's Hand, Brothers
in Arms


You were on level 1 of the Elven Halls.
You worshipped Trog.
Trog was extremely pleased with you.
You visited 8 branches of the dungeon, and saw 31 of its levels.
You also visited: Sewer, Ossuary and Bailey.

You collected 3016 gold pieces.
You spent 1637 gold pieces at shops.

Inventory:

Hand Weapons
 a - a +9 double sword of holy wrath
 b - the +9 demon blade "Haorelos" (weapon) {flame, +Blink rC+ Stlth+}
   (You bought it in a shop on level 2 of the Orcish Mines)

   It has been specially enchanted to burn those struck by it, causing extra
   injury to most foes and up to half again as much damage against particularly
   susceptible opponents.
   Big, fiery blades are also staple armaments of hydra-hunters.
   It protects you from cold.
   It lets you blink.
   It makes you more stealthy.
 p - a +1 long sword of electrocution
Missiles
 i - 42 boomerangs (quivered)
 n - 16 stones
 t - 6 silver javelins
 V - 15 curare-tipped darts
 X - 7 boomerangs of dispersal
Armour
 c - a cursed +0 plate armour (worn)
 y - a scarf of resistance (worn)
 C - a cursed +0 tower shield (worn)
 K - a +0 hat of willpower (worn)
 P - a +2 pair of gloves (worn)
Jewellery
 f - the ring of Qeijul (right hand) {rF+ Str+4 Slay+3}
   (You found it on level 6 of the Lair of Beasts)

   [ring of protection from fire]

   It affects your strength (+4).
   It affects your accuracy and damage with ranged weapons and melee attacks
   (+3).
   It protects you from fire.
 w - an uncursed ring of see invisible
 D - the ring "Ukhlai" (left hand) {EV+4 Int+7}
   (You bought it in a shop on level 12 of the Dungeon)

   [ring of evasion]

   It affects your evasion (+4).
   It affects your intelligence (+7).
 R - an amulet of magic regeneration (around neck)
Wands
 h - a wand of digging (17)
 l - a wand of paralysis (26)
 o - a wand of iceblast (26)
 O - a wand of acid (39)
Scrolls
 g - a scroll of brand weapon
 s - 5 scrolls of blinking
 B - 10 scrolls of teleportation
 F - 3 scrolls of immolation
 G - 2 scrolls of fear
 H - 4 scrolls of fog
 L - 12 scrolls of identify
 Y - 8 scrolls of magic mapping
 Z - 8 scrolls of remove curse
Potions
 d - 8 potions of might
 e - 3 potions of cancellation
 j - a potion of magic
 k - 6 potions of heal wounds
 m - 6 potions of haste
 x - 11 potions of curing
 A - 3 potions of berserk rage
 I - 3 potions of invisibility
 J - 6 potions of ambrosia
Miscellaneous
 u - a box of beasts
 Q - a lightning rod (4/4)


   Skills:
 + Level 15.6 Fighting
 - Level 2.1(14.0) Short Blades
 + Level 20.3(20.4) Long Blades
 - Level 1.0 Throwing
 * Level 15.9 Armour
 * Level 13.0 Dodging
 * Level 13.0 Shields
 + Level 6.6 Evocations


You had 18 spell levels left.
You didn't know any spells.
Your spell library contained the following spells:

 Spells                   Type           Power        Failure   Level
 Foxfire                  Conj/Fire      0%           100%        1
 Magic Dart               Conj           0%           100%        1
 Shock                    Conj/Air       0%           100%        1
 Poisonous Vapours        Pois/Air       0%           100%        2
 Searing Ray              Conj           0%           100%        2
 Swiftness                Air            0%           100%        2
 Confusing Touch          Hex            0%           100%        3
 Conjure Flame            Conj/Fire      0%           100%        3
 Dazzling Flash           Conj/Hex       0%           100%        3
 Gell's Gravitas          Tloc           0%           100%        3
 Inner Flame              Hex/Fire       0%           100%        3
 Mephitic Cloud           Conj/Pois/Air  0%           100%        3
 Static Discharge         Conj/Air       0%           100%        3
 Airstrike                Air            0%           100%        4
 Animate Dead             Necr           0%           100%        4
 Fulminant Prism          Conj/Hex       0%           100%        4
 Iskenderun's Mystic Bla  Conj/Tloc      0%           100%        4
 Petrify                  Tmut/Erth      0%           100%        4
 Sticky Flame             Conj/Fire      0%           100%        4
 Summon Lightning Spire   Summ/Air       0%           100%        4
 Borgnjor's Vile Clutch   Necr/Erth      0%           100%        5
 Fireball                 Conj/Fire      0%           100%        5
 Lightning Bolt           Conj/Air       0%           100%        5
 Metabolic Englaciation   Hex/Ice        0%           100%        5
 Summon Forest            Summ/Tloc      0%           100%        5
 Summon Mana Viper        Hex/Summ       0%           100%        5
 Yara's Violent Unravell  Hex/Tmut       0%           100%        5
 Death Channel            Necr           0%           100%        6
 Freezing Cloud           Conj/Ice/Air   0%           100%        6
 Shadow Creatures         Summ           N/A          100%        6
 Simulacrum               Ice/Necr       0%           100%        6
 Summon Hydra             Summ           0%           100%        7


Dungeon Overview and Level Annotations

Branches:
Dungeon (15/15)            Temple (1/1) D:5            Lair (6/6) D:11
 Shoals (1/4) Lair:3        Snake (4/4) Lair:4        Slime (0/5) Lair:5
    Orc (2/2) D:10            Elf (1/3) Orc:2        Vaults (1/5) D:14
 Depths (0/5) D:15          Sewer (visited)         Ossuary (visited)
 Bailey (visited)

Altars:
Ashenzari
Cheibriados
Dithmenos
Elyvilon
Fedhas
Gozag
Hepliaklqana
Kikubaaqudgha
Makhleb
Nemelex Xobeh
Okawaru
Qazlal
Ru
Sif Muna
Trog
Uskayaw
Vehumet
Wu Jian
Xom
Yredelemnul
Zin
The Shining One
Jiyva

Shops:
D:10 (   D:12 *   Orc:2 *:*([   Snake:1 [([*

Portals:
Pandemonium: Orc:2


Innate Abilities, Weirdness & Mutations

You have a beak for a mouth.
You have claws for feet.
You can fly continuously.
You are clumsy. (Dex -2)


Message History

Your peck misses the deep elf zephyrmancer.
The deep elf zephyrmancer is almost dead.
You block the deep elf zephyrmancer's attack.
The deep elf zephyrmancer hits you but does no damage.
You slice the deep elf zephyrmancer!! You burn the deep elf zephyrmancer.
You kill the deep elf zephyrmancer!
Trog accepts your kill.
Trog appreciates your killing of a magic user.
The deep elf zephyrmancer casts a spell at you.
The bolt of lightning hits you!!
* * * LOW HITPOINT WARNING * * *
The bolt of lightning misses you.
The bolt of lightning misses the deep elf zephyrmancer.
Your skin crawls.
You feel strong-willed.
The deep elf zephyrmancer gestures wildly while chanting.
The deep elf zephyrmancer blinks!
The deep elf zephyrmancer gestures at you while chanting.
The bolt of lightning hits you!!
You die...

#.# #'# #.#..
.#...##.##...#.e
.'...'.:.'...'.#
.#...##.##...#..
#.#..#)#.e#.#.## #
#.#.....).....#..#.#
#.###.#.)ยง#.###..(.#
#...#...))..#.).##
#.#.####@####.#..#
##.........).)...#'..
..'......#.#)#####
.... ##....#?..#.#
P.. #..##'####)### ..
## ##+#...).## #
##### ##.......##
#+...## #.........#
##.....## #.........#


You could see a deep elf zephyrmancer.

Vanquished Creatures
  Vashnia (Snake:3)
  Gastronok (D:8)
  Kirke (Lair:5)
  Roxanne (Snake:2)
  Agnes (D:14)
  10 nagarajas
  A deep elf sorcerer (Elf:1)
  A vault warden (Vaults:1)
  Aizul (Snake:1)
  An ironheart preserver (Vaults:1)
  10 slime creatures
  6 dire elephants (Lair:6)
  An ettin (D:15)
  3 yaktaur captains (Vaults:1)
  Josephine (D:15)
  17 naga warriors
  4 boulder beetles
  12 hydras
  12 anacondas
  9 centaur warriors
  4 ogre magi
  Erica (Orc:1)
  5 dancing weapons (Elf:1)
  18 two-headed ogres
  20 naga sharpshooters
  6 death yaks
  10 shock serpents
  A tengu warrior (D:14)
  6 orc high priests (Orc:2)
  Sonja (Orc:1)
  5 deep elf knights
  A fire crab (Lair:5)
  2 salamander mystics
  8 skeletal warriors
  2 unseen horrors (Vaults:1)
  7 naga ritualists
  A deep troll (D:15)
  An ironbrand convoker (Vaults:1)
  An infernal demonspawn (Orc:2)
  2 lindwurms
  9 orc knights
  11 deep elf zephyrmancers
  8 orc sorcerers
  14 deep elf pyromancers
  5 deep elf archers (Elf:1)
  4 ugly things
  8 mana vipers
  A manticore (D:14)
  5 elephants (Lair:6)
  8 cyclopes
  5 guardian serpents
  37 black mambas
  7 salamanders
  Maurice (Orc:2)
  A black mamba (shapeshifter) (Vaults:1)
  3 vault sentinels (Vaults:1)
  An eye of devastation (shapeshifter) (Elf:1)
  24 naga magi
  4 kobold demonologists
  6 centaur skeletons
  19 cane toads
  5 komodo dragons
  14 yaktaurs
  A tengu conjurer (D:14)
  A hellwing (Orc:2)
  A redback zombie (D:13)
  7 trolls
  4 hornets
  3 polar bears
  A wind drake (Shoals:1)
  Grinder (D:4)
  A queen bee (Lair:3)
  10 blink frogs
  A dream sheep (Lair:5)
  A shadow (D:14)
  A ynoxinul (Orc:2)
  A spriggan (D:13)
  6 wraiths
  A vampire (D:14)
  2 hogs (Lair:5)
  54 yaks
  2 fire elementals (Elf:1)
  A neqoxec (Orc:2)
  4 wyverns
  2 basilisks
  A steam dragon (D:12)
  Edmund (D:4)
  4 vampire mosquitoes (D:15)
  Menkaure (D:4)
  2 wargs
  56 nagas
  11 water moccasins
  3 acid dragons
  A soldier ant (D:12)
  49 orc warriors
  3 sky beasts
  4 ice beasts
  4 black bears
  A hornet zombie (D:9)
  17 centaurs
  An eye of draining (D:12)
  7 wolves
  17 ogres
  5 kobold brigands
  2 phantoms
  A bullfrog (shapeshifter) (D:15)
  4 earth elementals (Elf:1)
  3 elf skeletons (D:6)
  An elf zombie (Ossuary)
  17 bullfrogs
  A water moccasin zombie (D:9)
  A wyvern skeleton (D:14)
  4 scorpions
  29 killer bees
  A water moccasin skeleton (D:6)
  9 electric eels
  12 wights
  4 centaur zombies
  A bullfrog zombie (D:7)
  2 human zombies (Ossuary)
  4 jellies
  23 orc priests
  6 hounds
  5 bullfrog skeletons
  A human skeleton (D:6)
  5 iguanas
  24 orc wizards
  10 worker ants
  A bullfrog simulacrum (D:9)
  2 mummies (Ossuary)
  A gnoll (Bailey)
  11 adders
  6 river rats
  2 shadow imps
  4 white imps
  3 ufetubi
  An adder zombie (D:9)
  A worm (D:3)
  3 dart slugs
  6 leopard geckos
  114 orcs
  8 ball pythons
  12 bats
  3 giant cockroaches
  16 goblins
  22 hobgoblins
  17 jackals
  6 quokkas
  5 frilled lizards
  4 goblin zombies (Ossuary)
  7 hobgoblin zombies (Ossuary)
  40 kobolds
  12 kobold zombies (Ossuary)
  A leopard gecko zombie (D:5)
  2 orc skeletons (D:6)
  9 orc zombies (Ossuary)
  A quokka zombie (D:9)
  26 rats
  A rat zombie (Ossuary)
1207 creatures vanquished.

Vanquished Creatures (collateral kills)
  An orc warlord (Orc:1)
  A naga warrior (Snake:4)
  A tengu warrior (D:14)
  A naga sharpshooter (Snake:3)
  2 naga ritualists (Snake:4)
  2 naga magi (Snake:4)
  2 yaks (D:14)
  2 nagas
  An orc warrior (Orc:1)
  A bullfrog (Lair:3)
  A killer bee (Lair:3)
  2 orcs (Orc:1)
17 creatures vanquished.

Vanquished Creatures (others)
  A deep elf zephyrmancer (Elf:1)
  A water elemental (Elf:1)
  A wyvern skeleton (D:14)
  An orc priest (D:10)
  21 fungi
  25 plants
50 creatures vanquished.

Grand Total: 1274 creatures vanquished

Notes
Turn   | Place    | Note
-------+----------+-------------------------------------------
     0 | D:1      | skewfiend the Tengu Fighter began the quest for the Orb.
     0 | D:1      | Reached XP level 1. HP: 14/14 MP: 2/2
   110 | D:1      | Reached skill level 1 in Long Blades
   110 | D:1      | Reached XP level 2. HP: 15/19 MP: 3/3
   377 | D:1      | Reached XP level 3. HP: 24/24 MP: 4/4
  1169 | D:2      | Found a faded altar of an unknown god.
  1224 | D:2      | Reached skill level 2 in Long Blades
  1306 | D:2      | Reached XP level 4. HP: 28/29 MP: 5/5
  1468 | D:2      | Reached skill level 1 in Throwing
  1595 | D:2      | Noticed Sigmund
  1598 | D:2      | Noticed Sigmund
  1598 | D:2      | Sigmund changed into Sigmund the iguana
  1603 | D:2      | Killed Sigmund the iguana
  1604 | D:2      | Gained mutation: You can fly continuously. [Tengu growth]
  1604 | D:2      | Reached XP level 5. HP: 34/34 MP: 6/6
  1948 | D:2      | Reached skill level 3 in Long Blades
  2324 | D:3      | Found a glowing drain.
  2358 | D:3      | Reached skill level 5 in Fighting
  2359 | Sewer    | Entered a sewer
  2887 | Sewer    | Reached XP level 6. HP: 40/40 MP: 7/7
  3992 | D:3      | Found a sacrificial altar of Ru.
  4087 | D:4      | Noticed Grinder
  4105 | D:4      | Killed Grinder
  4106 | D:4      | Reached skill level 4 in Long Blades
  4106 | D:4      | Reached XP level 7. HP: 37/47 MP: 8/8
  4374 | D:4      | Noticed Menkaure
  4394 | D:4      | Killed Menkaure
  4462 | D:4      | Noticed Edmund
  4497 | D:4      | Killed Edmund
  4498 | D:4      | Reached skill level 5 in Long Blades
  4648 | D:4      | Found a shimmering blue altar of Sif Muna.
  4731 | D:4      | Found a radiant altar of Vehumet.
  4826 | D:5      | Entered Level 5 of the Dungeon
  5079 | D:5      | Reached XP level 8. HP: 41/54 MP: 9/9
  5858 | D:5      | Reached skill level 6 in Long Blades
  5927 | D:5      | Found a staircase to the Ecumenical Temple.
  5937 | Temple   | Entered the Ecumenical Temple
  6353 | D:6      | Found a hazy altar of Hepliaklqana.
  6407 | D:6      | Found a glowing silver altar of Zin.
  6409 | D:6      | Found a shadowy altar of Dithmenos.
  6463 | D:6      | Reached skill level 7 in Long Blades
  6503 | D:6      | Found a bloodstained altar of Trog.
  6507 | D:6      | Became a worshipper of Trog the Wrathful
  6602 | D:6      | Reached skill level 8 in Long Blades
  6630 | D:6      | Reached XP level 9. HP: 35/60 MP: 10/10
  6640 | D:6      | Found a sand-covered staircase.
  6744 | Ossuary  | Entered an ossuary
  7129 | Ossuary  | Reached * piety under Trog
  7140 | Ossuary  | Reached skill level 9 in Long Blades
  8628 | D:7      | Found a flagged portal.
  8642 | Bailey   | Entered a bailey
  8673 | Bailey   | Noticed an orc knight
  8688 | Bailey   | Reached skill level 10 in Long Blades
  8896 | Bailey   | Reached ** piety under Trog
  9323 | Bailey   | Noticed a kobold demonologist
  9324 | Bailey   | Noticed an orc knight
  9340 | Bailey   | Killed an orc knight
  9341 | Bailey   | Reached skill level 11 in Long Blades
  9347 | Bailey   | Killed a kobold demonologist
  9348 | Bailey   | Reached XP level 10. HP: 66/66 MP: 11/11
  9381 | Bailey   | Noticed a kobold demonologist
  9391 | Bailey   | Noticed a smoke demon
  9392 | Bailey   | Killed a kobold demonologist
  9834 | Bailey   | Identified the +7 chain mail "Okioseur" {Harm Will- Int+2}
  9848 | Bailey   | Reached skill level 12 in Long Blades
  9857 | Bailey   | Killed an orc knight
 10256 | Bailey   | Acquired a +2 double sword of holy wrath
 10309 | Bailey   | Found an iron altar of Okawaru.
 10332 | Bailey   | Reached *** piety under Trog
 10697 | D:7      | Found a sacrificial altar of Ru.
 10949 | D:7      | Found a basalt altar of Yredelemnul.
 10951 | D:7      | Found an ornate altar of the Wu Jian Council.
 11252 | D:8      | Noticed Gastronok
 11262 | D:8      | Killed Gastronok
 11263 | D:8      | Reached skill level 13 in Long Blades
 11264 | D:8      | Reached XP level 11. HP: 72/72 MP: 12/12
 11267 | D:8      | Reached skill level 14 in Long Blades
 11401 | D:8      | Reached skill level 10 in Fighting
 11988 | D:9      | Reached **** piety under Trog
 12440 | D:9      | Noticed a cyclops
 12446 | D:9      | Reached skill level 15 in Long Blades
 12611 | D:9      | Killed a cyclops
 13432 | D:9      | Found an iron altar of Okawaru.
 13432 | D:9      | Found a burning altar of Makhleb.
 13439 | D:9      | Found a faded altar of an unknown god.
 13441 | D:9      | Found a broken altar of Ashenzari.
 13443 | D:9      | Found an ancient bone altar of Kikubaaqudgha.
 13525 | D:10     | Entered Level 10 of the Dungeon
 14308 | D:10     | Found Rolaor's Weapon Boutique.
 14745 | D:10     | Found a staircase to the Orcish Mines.
 14908 | D:11     | Found a staircase to the Lair.
 14977 | D:11     | Reached skill level 16 in Long Blades
 15138 | D:11     | Noticed a two-headed ogre
 15145 | D:11     | Killed a two-headed ogre
 15146 | D:11     | Reached XP level 12. HP: 45/79 MP: 13/13
 15312 | D:11     | Noticed a four-headed hydra
 15317 | D:11     | Killed a six-headed hydra
 15371 | D:11     | Reached ***** piety under Trog
 15531 | D:11     | Noticed a two-headed ogre
 15554 | D:11     | Killed a two-headed ogre
 16368 | D:12     | Noticed a boulder beetle
 16378 | D:12     | Killed a boulder beetle
 16770 | D:12     | Reached skill level 17 in Long Blades
 17336 | D:12     | Found Vucluyfu's Assorted Antiques.
 17345 | D:12     | Bought a scorched iron ring for 165 gold pieces
 17345 | D:12     | Bought a granite ring for 165 gold pieces
 17345 | D:12     | Identified the ring "Ukhlai" {EV+4 Int+7} (You bought it in
                  | a shop on level 12 of the Dungeon)
 17499 | Lair:1   | Entered Level 1 of the Lair of Beasts
 18805 | Lair:1   | Reached XP level 13. HP: 86/86 MP: 14/14
 19220 | Lair:2   | Reached skill level 18 in Long Blades
 19905 | Lair:2   | Reached skill level 5 in Armour
 20752 | D:13     | Received a gift from Trog
 22389 | D:14     | Noticed Agnes
 22400 | D:14     | Killed Agnes
 22412 | D:14     | Reached XP level 14. HP: 77/94 MP: 15/15
 23641 | D:14     | Reached skill level 5 in Shields
 23753 | D:14     | Reached skill level 10 in Armour
 23925 | D:14     | Found a gate to the Vaults.
 24379 | D:15     | Entered Level 15 of the Dungeon
 24395 | D:15     | Paralysed by a hornet for 3 turns
 24461 | D:15     | Noticed Josephine
 24466 | D:15     | Killed Josephine
 24472 | D:15     | Received a gift from Trog
 24539 | D:15     | Reached skill level 1 in Dodging
 24642 | D:15     | Found an opulent altar of Gozag.
 24902 | D:15     | Got a pitted hand crossbow
 25375 | D:15     | Found a staircase to the Depths.
 25468 | D:15     | Found a white marble altar of Elyvilon.
 25670 | Lair:3   | Reached skill level 19 in Long Blades
 25670 | Lair:3   | Reached XP level 15. HP: 100/100 MP: 16/16
 26096 | Lair:3   | Received a gift from Trog
 26242 | Lair:3   | Found a staircase to the Shoals.
 26957 | Lair:4   | Found a staircase to the Snake Pit.
 27861 | Lair:5   | Found a staircase to the Slime Pits.
 27861 | Lair:5   | Found a viscous altar of Jiyva.
 27945 | Lair:5   | Noticed Kirke
 27952 | Lair:5   | Killed Kirke
 27963 | Lair:5   | Reached skill level 5 in Dodging
 28740 | Lair:6   | Entered Level 6 of the Lair of Beasts
 29609 | Lair:5   | Received a gift from Trog
 30818 | Lair:6   | Got a bloodstained rapier
 30819 | Lair:6   | Identified the +9 rapier of Bile {speed, Dex+2} (You found
                  | it on level 6 of the Lair of Beasts)
 30993 | Lair:6   | Reached XP level 16. HP: 106/106 MP: 17/17
 31411 | Lair:6   | Got a vibrating ivory ring
 31419 | Lair:6   | Identified the ring of Qeijul {rF+ Str+4 Slay+3} (You found
                  | it on level 6 of the Lair of Beasts)
 31977 | Orc:1    | Entered Level 1 of the Orcish Mines
 32321 | Orc:2    | Entered Level 2 of the Orcish Mines
 32321 | Orc:2    | Found a staircase to the Elven Halls.
 32378 | Orc:1    | Noticed Sonja
 32387 | Orc:1    | Killed Sonja
 32651 | Orc:2    | Found Heul Kue's Armour Shop.
 32764 | Orc:1    | Received a gift from Trog
 32770 | Orc:1    | Noticed Erica
 32786 | Orc:1    | Killed Erica
 33508 | Orc:2    | Noticed Maurice
 33514 | Orc:2    | Killed Maurice
 33644 | Orc:2    | Found Maphalin's General Store.
 33647 | Orc:2    | Found Buujah's General Store.
 33747 | Orc:2    | Bought a potion of haste for 130 gold pieces
 33747 | Orc:2    | Bought a scroll of teleportation for 39 gold pieces
 33747 | Orc:2    | Bought a scroll of identify for 26 gold pieces
 33749 | Orc:2    | Bought a potion of haste for 160 gold pieces
 33749 | Orc:2    | Bought a scroll of enchant armour for 120 gold pieces
 33931 | Orc:2    | Gained mutation: You are clumsy. (Dex -2) [a neqoxec]
 34464 | Orc:2    | Found Vojo Wea's Book Emporium.
 34464 | Orc:2    | Found Dioxa's Antique Weapon Shoppe.
 34464 | Orc:2    | Found a one-way gate leading to the halls of Pandemonium.
 34479 | Orc:2    | Bought an ichor-stained demon blade for 600 gold pieces
 34479 | Orc:2    | Identified the +9 demon blade "Haorelos" {flame, +Blink rC+
                  | Stlth+} (You bought it in a shop on level 2 of the Orcish
                  | Mines)
 34737 | Snake:1  | Entered Level 1 of the Snake Pit
 34884 | Snake:1  | Reached skill level 1 in Evocations
 35339 | Snake:1  | Noticed Aizul
 35356 | Snake:1  | Killed Aizul
 35356 | Snake:1  | Received a gift from Trog
 35357 | Snake:1  | Reached skill level 10 in Shields
 35934 | Snake:1  | Found Afu Saaf's Antique Armour Shop.
 35934 | Snake:1  | Found Xiut's Antique Weapon Boutique.
 35935 | Snake:1  | Found Osom Tou's Armour Boutique.
 35937 | Snake:1  | Found Xokynus's General Store.
 35945 | Snake:1  | Bought a potion of mutation for 120 gold pieces
 35945 | Snake:1  | Bought a scroll of blinking for 112 gold pieces
 36953 | Snake:2  | Noticed a nagaraja
 36956 | Snake:2  | Reached XP level 17. HP: 94/112 MP: 18/18
 38265 | Snake:2  | Reached skill level 10 in Dodging
 38289 | Snake:2  | Noticed Roxanne
 38318 | Snake:2  | Killed Roxanne
 39437 | Snake:3  | Received a gift from Trog
 40117 | Snake:3  | Noticed Vashnia
 40137 | Snake:3  | Killed Vashnia
 40166 | Snake:2  | HP: 5/112 [naga warrior/+0 scimitar (19)]
 40166 | Snake:2  | HP: 1/112 [naga warrior/+0 scimitar (4)]
 40585 | Snake:3  | Reached skill level 15 in Fighting
 41400 | Snake:4  | Entered Level 4 of the Snake Pit
 41414 | Snake:4  | Reached XP level 18. HP: 75/119 MP: 19/19
 41734 | Snake:4  | Found a radiant altar of Vehumet.
 41887 | Snake:4  | Found a glowing silver altar of Zin.
 42722 | Snake:4  | Reached skill level 20 in Long Blades
 42780 | Snake:4  | Identified the Collected Works on Cloudy Damage Dealing
 42999 | Snake:4  | Reached skill level 5 in Evocations
 43004 | Snake:4  | Received a gift from Trog
 43319 | Snake:4  | Reached skill level 15 in Armour
 44442 | Snake:4  | Got a serpentine rune of Zot
 44881 | Shoals:1 | Entered Level 1 of the Shoals
 45081 | Vaults:1 | Entered Level 1 of the Vaults
 45335 | Vaults:1 | Received a gift from Trog
 46314 | Vaults:1 | Reached XP level 19. HP: 96/124 MP: 20/20
 46799 | Vaults:1 | Received a gift from Trog
 47804 | Elf:1    | Entered Level 1 of the Elven Halls
 47825 | Elf:1    | Found a radiant altar of Vehumet.
 48602 | Elf:1    | Identified the +11 dagger "Paolusigop" {distort, rF- Dex+6}
 48998 | Elf:1    | Identified the Volume of Combat Magic
 49009 | Elf:1    | Killed from afar by a deep elf zephyrmancer

Illustrated notes

Levels and vault maps discovered:
D:1:      dpeg_arrival_round_b, layout_basic, chequers_serial_rivers_marsh,
          corexii_item_surrounded_by_moat
D:2:      layout_loops_ring, chequers_ecumenical_altar_simple, uniq_sigmund
D:3:      layout_basic, cheibrodos_sewer_entry_sluice, nicolae_ru_path_of_blood
D:4:      layout_rooms, lemuel_coloured_pillars_altar, kennysheep_mini_moat,
          uniq_menkaure, uniq_edmund, uniq_grinder
D:5:      layout_cave_pools, temple_hall
D:6:      layout_loops_ring, marbit_many_paths, minitemple,
          nicolae_ossuary_entry_catacombs
D:7:      layout_layer_cave, chequers_temple_overflow_statue_of_worship,
          basic_altar, enter_bailey_2
D:8:      layout_rooms, uniq_gastronok
D:9:      minmay_the_grid_3x3 [minmay_the_grid_eight,
          minmay_the_grid_outer_circle, minmay_the_grid_holed_spiral,
          minmay_the_grid_spikes, minmay_the_grid_dragon_a,
          minmay_the_grid_rooms, minmay_the_grid_expand,
          minmay_the_grid_stretched_grid, minmay_the_grid_prize_inner_circle],
          layout_irregular_city, chequers_temple_overflow_minitemple
D:10:     layout_loops_ring, erik_orc_2, serial_shops, shop
D:11:     layout_long_grid, lair_entry_dummy
D:12:     layout_grid_maze, serial_shops, shop
D:13:     layout_irregular_city, minmay_stone_trees_small, the_bakery
D:14:     layout_roguey, hangedman_vaults_entry_quadrant_bands,
          kennysheep_path_1, uniq_agnes
D:15:     hangedman_depths_entry_civil_slaughter, layout_basic, basic_altar,
          elyvilon_altar_5, uniq_josephine
Temple:   jpeg_temple_alley_garden
Lair:1:   layout_small_grid, columned_hall_lemuel, beast_lair_carwin_7
Lair:2:   layout_long_grid, infiniplex_staircase_pool_2, serial_bayou_shore_a,
          lemuel_fruit_tree, serial_bayou_shore_b, grunt_megastairs_1
Lair:3:   layout_small_grid, elwin_shoals_entry_rocks, special_room
          [special_room_bee]
Lair:4:   layout_loops_ring, minmay_snake_entry_guardpost_large,
          grunt_megastairs_3
Lair:5:   layout_misc_corridors, slime_altar_1, minivault_11,
          hangedman_lair_generics_rect, uniq_kirke
Lair:6:   due_jungle_book, layout_cave_shapes, st_stairs_7
Shoals:1: layout_shoals
Snake:1:  layout_concentric_octagons, grunt_ministairs_1, minmay_shoptagon,
          uniq_aizul
Snake:2:  layout_rooms, uniq_roxanne
Snake:3:  layout_onion_interference, grunt_megastairs_4, uniq_vashnia
Snake:4:  snake_pit, layout_cave_town, hangedman_feature_mirror, st_stairs_2
Orc:1:    layout_diamond_mine, uniq_sonja, uniq_erica
Orc:2:    pf_orc_diabolical, layout_caves, serial_shops, shop, uniq_maurice
Elf:1:    eino_elf_arrival_altar, layout_geoelf_octagon, ebering_ghost_gozag,
          minmay_elf_annihilation, uniq_louise
Vaults:1: hangedman_vaults_locks, v_misc_33, vaults_room_pool, v_misc_27,
          v_alt_pattern_1, ontoclasm_vaults_decontamination, v_misc_29,
          nicolae_vaults_windows_and_doors_thing, vaults_room_door_ring,
          nicolae_vaults_network_periphery, nicolae_vaults_theta,
          vaults_dpeg_diagonal, layout_vaults_omnicross, serial_shops,
          shop_fountains

Skill      XL: |  1  2  3  4  5  6  7  8  9 10 11 12 13 14 15 16 17 18 19 |
---------------+----------------------------------------------------------+-----
Long Blades    | 1 2 3 4 5 8 11 13 16 17 18 19 20 | 20.3
Fighting       | 4 5 6 7 8 9 10 12 13 14 15 | 15.6
Throwing       | 1 |  1.0
Armour         | 8 10 12 13 14 15 | 15.9
Shields        | 4 6 8 10 11 12 13 | 13.0
Dodging        | 3 7 9 11 12 13 | 13.0
Evocations     | 2 4 6 |  6.6
Short Blades   | |  2.1

Action                   |  1- 3 |  4- 6 |  7- 9 | 10-12 | 13-15 | 16-18 | 19-21 || total
-------------------------+-------+-------+-------+-------+-------+-------+-------++-------
Melee: Rapier            |    68 |   174 |       |       |       |       |       ||   242
       Kick              |    18 |    51 |   166 |   247 |   338 |   442 |    92 ||  1354
       Peck              |     9 |    22 |    99 |   161 |   195 |   296 |    60 ||   842
       Falchion          |       |     6 |   291 |       |       |       |       ||   297
       Long sword        |       |       |   118 |    77 |       |       |       ||   195
       Double sword      |       |       |       |   553 |   796 |   767 |    83 ||  2199
       Demon blade       |       |       |       |       |    23 |   327 |   111 ||   461
Throw: Stone             |    49 |   122 |   144 |   145 |    44 |       |       ||   504
       Dart              |       |     3 |     6 |    25 |     7 |     2 |       ||    43
       Boomerang         |       |     2 |    13 |    34 |    78 |   163 |    36 ||   326
       Javelin           |       |       |       |       |     1 |     1 |       ||     2
Invok: Berserk           |       |       |     2 |     4 |    19 |    27 |     2 ||    54
       Trog's Hand       |       |       |       |     6 |    11 |    20 |     3 ||    40
       Brothers in Arms  |       |       |       |       |     2 |     3 |       ||     5
 Abil: Fly               |       |     1 |       |       |       |       |       ||     1
       Evoke Blink       |       |       |       |       |       |     1 |       ||     1
Evoke: Wand              |       |     3 |     2 |       |    15 |    17 |     6 ||    43
       Box of beasts     |       |       |       |       |       |     2 |       ||     2
  Use: Potion            |     1 |     4 |     3 |     1 |     1 |    12 |     1 ||    23
       Scroll            |       |     9 |    12 |    16 |     8 |    13 |     1 ||    59
 Stab: Distracted        |       |       |       |       |     2 |       |       ||     2
       Paralysed         |       |       |       |       |       |     3 |       ||     3
Armor: Scale mail        |    16 |     4 |       |       |       |       |       ||    20
       Plate armour      |       |   112 |   214 |   269 |   352 |   100 |    21 ||  1068
       Chain mail        |       |       |       |       |       |   101 |       ||   101
Dodge: Dodged            |    15 |    28 |    27 |    60 |   299 |   499 |    60 ||   988
Block: Kite shield       |    26 |    83 |   152 |   231 |   388 |   222 |       ||  1102
       Tower shield      |       |       |       |       |       |   550 |   100 ||   650
       Rpst.: Falchion   |       |       |     9 |       |       |       |       ||     9
       Long sword        |       |       |     1 |     2 |       |       |       ||     3
       Double sword      |       |       |       |    18 |    68 |    60 |    12 ||   158
       Demon blade       |       |       |       |       |     2 |    39 |     4 ||    45

Table legend: (Time is in decaauts)
 A = Elapsed time spent in this place.
 B = Non-inter-level travel time spent in this place.
 C = Inter-level travel time spent in this place.
 D = Time resting spent in this place.
 E = Time spent auto-exploring this place.
 F = Levels seen in this place.
 G = Mean time per level.
                   A        B        C        D        E       F      G
               +--------+--------+--------+--------+--------+-----+--------+
         Total |  47315 |  43685 |   3630 |   3404 |  29835 |  34 | 1391.6 |
       Dungeon |  19399 |  17821 |   1578 |    785 |  12776 |  15 | 1293.3 |
        Temple |    284 |    186 |     98 |      0 |    161 |   1 |  284.0 |
          Lair |   9162 |   7892 |   1270 |    307 |   6032 |   6 | 1527.0 |
        Shoals |     19 |     19 |      0 |      0 |      0 |   1 |   19.0 |
     Snake Pit |   9745 |   9326 |    419 |    986 |   6419 |   4 | 2436.2 |
  Orcish Mines |   2125 |   1952 |    173 |    394 |    943 |   2 | 1062.5 |
   Elven Halls |   1181 |   1181 |      0 |      0 |    848 |   1 | 1181.0 |
        Vaults |   1734 |   1645 |     89 |      0 |   1225 |   1 | 1734.0 |
         Sewer |   1121 |   1121 |      0 |    225 |    473 |   1 | 1121.0 |
       Ossuary |    670 |    670 |      0 |     16 |    343 |   1 |  670.0 |
        Bailey |   1871 |   1871 |      0 |    690 |    610 |   1 | 1871.0 |
               +--------+--------+--------+--------+--------+-----+--------+

Top non-repeatable levels by time:
 Snake:1: 2753 daAuts
    D:14: 2576 daAuts
 Snake:2: 2508 daAuts
 Snake:4: 2412 daAuts
  Lair:6: 2244 daAuts
 Snake:3: 2070 daAuts
  Bailey: 1871 daAuts
    D:13: 1828 daAuts
Vaults:1: 1734 daAuts
  Lair:1: 1730 daAuts
    D:11: 1722 daAuts
   Orc:2: 1655 daAuts
     D:9: 1640 daAuts
    D:12: 1593 daAuts
     D:6: 1590 daAuts
